 Dungeon Crawl Stone Soup version 0.26.1-11-gd32895ea62 (webtiles) character file.

Game seed: 5939939841202281874

50 Kalagan26 the Sneak (level 3, -1/22 HPs)
             Began as a Vampire Enchanter on June 21, 2021.
             Slain by a hobgoblin
             ... wielding a +0 club
              (7 damage)
             ... on level 1 of the Dungeon.
             The game lasted 00:11:28 (3434 turns).

Kalagan26 the Sneak (Vampire Enchanter)             Turns: 3434, Time: 00:11:28

Health: -1/22      AC:  2    Str: -1 (7)  XL:     3   Next: 55%
Magic:  6/6        EV: 12    Int:  9 (17) God:
Gold:   34         SH:  0    Dex:  7 (15) Spells: 5/6 levels left

rFire    . . .     SeeInvis +   a - +1 dagger
rCold    . . .     Faith    .   (no shield)
rNeg     . . .     Spirit   .   b - +0 robe
rPois    .         Reflect  .   (no helmet)
rElec    .         Harm     .   (no cloak)
rCorr    .         Rampage  .   (no gloves)
Will     .....                  (no boots)
Stlth    +++.......             j - amulet of regeneration
HPRegen  0.16/turn              (no ring)
MPRegen  0.10/turn              (no ring)

@: regenerating quickly, slowed, lost strength, very slow
A: fangs 3, see invisible, [frail 1], unbreathing
a: Exsanguinate


You were on level 1 of the Dungeon.
You visited 1 branch of the dungeon, and saw 2 of its levels.

You collected 34 gold pieces.

Inventory:

Hand Weapons
 a - a +1 dagger (weapon)
Missiles
 h - 14 poisoned darts
Armour
 b - a +0 robe (worn)
Jewellery
 j - an amulet of regeneration (around neck)
Scrolls
 c - 3 scrolls of teleportation {unknown}
 d - a scroll of identify {unknown}
 g - a scroll of blinking {unknown}
 i - 2 scrolls of remove curse {unknown}
Potions
 e - a potion of invisibility {unknown}
 f - a potion of curing {unknown}


   Skills:
 * Level 0.9 Fighting
 * Level 1.9 Short Blades
 + Level 2.5 Dodging
 * Level 5.6 Stealth
 + Level 2.2 Spellcasting
 - Level 4.4 Hexes


You had 5 spell levels left.
You knew the following spells:

 Your Spells              Type           Power        Failure   Level
a - Corona                Hex            8%           5%          1

Your spell library contained the following spells:

 Spells                   Type           Power        Failure   Level
 Confusing Touch          Hex            8%           16%         3
 Tukima's Dance           Hex            8%           16%         3
 Ensorcelled Hibernation  Hex/Ice        8%           21%         2
 Dazzling Flash           Conj/Hex       8%           36%         3


Dungeon Overview and Level Annotations

Branches:
Dungeon (2/15)

Altars:

Annotations:
D:2 Jessica, Natasha


Innate Abilities, Weirdness & Mutations

Your natural rate of healing is unusually fast.
You have razor-sharp teeth.
You have supernaturally acute eyesight. (SInv)
You can survive without breathing.
[You are frail. (-10% HP)]


Message History

You barely miss the hobgoblin.
The hobgoblin is lightly wounded.
The hobgoblin hits you with a +0 club!
You hit the hobgoblin.
The hobgoblin is moderately wounded.
The hobgoblin closely misses you.
You completely miss the hobgoblin.
The hobgoblin is moderately wounded.
The hobgoblin stops glowing.
The hobgoblin barely misses you.
You barely miss the hobgoblin.
The hobgoblin is moderately wounded.
The hobgoblin hits you with a +0 club!
* * * LOW HITPOINT WARNING * * *
The hobgoblin hits you but does no damage.
You can't go down here!
The hobgoblin barely misses you.
You climb upwards.
There is a stone staircase leading down here.
The hobgoblin hits you with a +0 club!
You die...

## #.#.............##.#
#.#.#############.##.#
#.#.# #.##.# #.#.#
#.##.#
#.#.#############.##.#
###.#...#...........##.#
..#.###.#.############)#
..#.###.#.############.#
..............>g@......#
###.###.#.##############
#.....#.# #######.#.#
.....(..#.# #########.#
'......†..# ###########
#


You could see a hobgoblin.

Vanquished Creatures
  A gnoll (D:1)
  2 dart slugs (D:1)
  A leopard gecko (D:1)
  8 bats (D:1)
  A giant cockroach (D:1)
  6 goblins (D:1)
  3 hobgoblins
  4 kobolds
  2 frilled lizards (D:1)
  5 rats
33 creatures vanquished.

Vanquished Creatures (others)
  7 plants (D:2)
7 creatures vanquished.

Grand Total: 40 creatures vanquished

Notes
Turn   | Place    | Note
-------+----------+-------------------------------------------
     0 | D:1      | Kalagan26 the Vampire Enchanter began the quest for the
                  | Orb.
     0 | D:1      | Reached XP level 1. HP: 13/13 MP: 3/3
   249 | D:1      | Reached XP level 2. HP: 13/19 MP: 5/5
   294 | D:1      | Reached skill level 5 in Stealth
  1174 | D:1      | Reached XP level 3. HP: 20/20 MP: 6/6
  2504 | D:2      | Noticed Jessica
  2504 | D:2      | Noticed Natasha
  2894 | D:2      | Lost strength.
  3434 | D:1      | Slain by a hobgoblin

Illustrated notes

Levels and vault maps discovered:
D:1:      amcnicky_arrival_feature_with_door, layout_basic
D:2:      layout_loops_ring, nzn_wu_jian_contemplation, serial_bayou_lake_a,
          uniq_jessica, uniq_sigmund, uniq_natasha

Skill      XL: |  1  2 |
---------------+-------+-----
Stealth        | 5 |  5.6
Fighting       | |  0.9
Short Blades   | |  1.9
Dodging        | |  2.5
Spellcasting   | |  2.2
Hexes          | |  4.4

Action                   || total
-------------------------++-------
Melee: Dagger            ||   135
       Bite              ||     6
 Cast: Corona            ||    13
 Abil: Exsanguinate      ||     1
       End Transformatio ||     4
       Bat Form          ||     4
       Revivify          ||     1
 Stab: Sleeping          ||    13
       Distracted        ||     1
Armor: Robe              ||    26
Dodge: Dodged            ||   108
